 Dungeon Crawl Stone Soup version 0.23-a0-455-ge12115f (webtiles) character file.

42 Firecrotchwizard the Slasher (level 3, -3/31 HPs)
             Began as a Minotaur Gladiator on Nov 25, 2018.
             Slain by a gnoll (5 damage)
             ... on level 2 of the Dungeon.
             The game lasted 00:00:34 (305 turns).

Firecrotchwizard the Slasher (Minotaur Gladiator)    Turns: 305, Time: 00:00:35

Health: -3/31      AC:  3    Str: 18    XL:     3   Next: 33%
Magic:  2/2        EV: 13    Int:  5    God:
Gold:   20         SH:  0    Dex: 12    Spells: 2/2 levels left

rFire    . . .     SeeInvis .   a - +0 long sword
rCold    . . .     Gourm    .   (no shield)
rNeg     . . .     Faith    .   b - +0 leather armour
rPois    .         Spirit   .   c - +0 hat
rElec    .         Reflect  .   (no cloak)
rCorr    .         Harm     .   (no gloves)
MR       .....                  (no boots)
Stlth    +.........             (no amulet)
HPRegen  0.10/turn              (no ring)
MPRegen  0.08/turn              (no ring)

@: no status effects
A: retaliatory headbutt, horns 2
a: no special abilities


You were on level 2 of the Dungeon.
You were not hungry.

You visited 1 branch of the dungeon, and saw 2 of its levels.

You collected 20 gold pieces.

Inventory:

Hand Weapons
 a - a +0 long sword (weapon)
Missiles
 d - 3 throwing nets {=f, !d}
Armour
 b - a +0 leather armour (worn)
 c - a +0 hat (worn)
Scrolls
 g - 3 scrolls of remove curse {unknown}
 i - a scroll of identify {unknown}
Potions
 e - a potion of lignification {unknown}
Comestibles
 f - 2 rations
 h - 5 chunks of flesh {@w0}


   Skills:
 + Level 3.1 Fighting
 * Level 4.6 Long Blades
 - Level 2.0 Throwing
 + Level 3.7 Dodging


You had 2 spell levels left.
You didn't know any spells.
Your spell library was empty.

Dungeon Overview and Level Annotations

Branches:
Dungeon (1/15)

Altars:


Innate Abilities, Weirdness & Mutations

You reflexively headbutt those who attack you in melee.
You have a pair of horns on your head.


Message History

You barely miss the jackal. The jackal misses you. The jackal bites you.
You take 2 damage, and have 16/18 hp.
You closely miss the jackal. Your headbutt misses the jackal.
The jackal closely misses you. You furiously retaliate!
You headbutt the jackal!
You kill the jackal!
No target in view!
g - 3 scrolls labeled KAFRAPROVVE (gained 1)
You butcher the jackal corpse.
h - a chunk of flesh {@w0} You see here a jackal skeleton. x2
i - a scroll labeled KEAHASS SOUZO You fall through a shaft!
The shaft crumbles and collapses.
An ooze comes into view.
The ooze quivers.
An ooze is nearby!
The ooze barely misses you.
You slash the ooze! The ooze barely misses you.
You barely miss the ooze. You headbutt the ooze.
You kill the ooze!
Your Long Blades skill increases to level 4!
You have reached level 2!
You regained 7 hp, and now have 24/25 hp.
MP restored: 1 An adder and a kobold come into view.
The adder hisses angrily.
The adder closely misses you. You furiously retaliate!
You headbutt the adder!
There are monsters nearby!
You hit the adder. The adder barely misses you.
You miss the adder. The adder barely misses you.
The adder bites you but does no damage.
You barely miss the adder. Your headbutt misses the adder.
The adder misses you. You furiously retaliate!
You headbutt the adder.
You kill the adder!
The kobold hits you but does no damage.
You slash the kobold!
You kill the kobold!
Health restored: 25 No target in view!
You butcher the adder corpse.
h - 2 chunks of flesh {@w0} (gained 1)
You see here an adder skeleton. x2
You open the door.
There is an open door here.
A worm comes into view.
A worm is nearby!
The worm closely misses you. You furiously retaliate!
You headbutt the worm.
You riposte.
You slash the worm! You hit the worm but do no damage. You headbutt the worm.
The worm bites you!
You take 10 damage, and have 15/25 hp.
MASSIVE DAMAGE!!
You are too injured to fight recklessly!
You are too injured to fight recklessly!
You hit the worm.
You kill the worm!
You see here a worm corpse.
You butcher the worm corpse.
h - 5 chunks of flesh {@w0} (gained 3)
You start resting.
Health restored: 25 4 gnolls come into view.
The gnoll shouts! x3
The gnoll hits you but does no damage.
There are monsters nearby!
The gnoll hits you with a +0 halberd!
You take 12 damage, and have 13/25 hp.
MASSIVE DAMAGE!!
You hit the gnoll. Your headbutt misses the gnoll. The gnoll barely misses you.
The gnoll closely misses you.
You hit the gnoll. You headbutt the gnoll. The gnoll barely misses you.
You riposte.
You hit the gnoll.
You kill the gnoll!
Your Fighting skill increases to level 3!
You have reached level 3!
Your experience leads to an increase in your attributes!
Increase (S)trength, (I)ntelligence, or (D)exterity?
You feel agile. The gnoll barely misses you.
You regained 3 hp, and now have 16/31 hp.
MP restored: 2 The gnoll throws a throwing net.
The throwing net hits you.
You become entangled in the net!
You see here a throwing net {=f, !d}.
You struggle against the net.
You struggle against the net.
The gnoll barely misses you. You furiously retaliate!
You headbutt the gnoll.
You riposte.
You completely miss the gnoll.
You struggle against the net.
The gnoll hits you with a +0 club!
* * * LOW HITPOINT WARNING * * *
The gnoll barely misses you.
You take 8 damage, and have 9/31 hp.
MASSIVE DAMAGE!!
You shred the net and break free! The gnoll closely misses you.
You furiously retaliate!
You headbutt the gnoll!
You kill the gnoll!
The gnoll hits you from afar with a +0 spear!
* * * LOW HITPOINT WARNING * * *
The gnoll hits you.
You die...

#.......# #.##.#
#.......###.##
#.......'....#
#.......######.......
#.......# #.......
####.......# #.......
#.....###### ###......
#.....####### ....g....
#......@)...# ....gg...
#.......g...# .....g..#
#........g(.##########.#
...............)........#
##########.....##.........
#.....##.........
###.....##.........
####..................
#...............#.....


You could see 2 gnolls.

Vanquished Creatures
  An adder (D:2)
  2 gnolls (D:2)
  An ooze (D:2)
  A worm (D:2)
  A hobgoblin (D:1)
  2 jackals (D:1)
  A kobold (D:2)
9 creatures vanquished.

Notes
Turn   | Place    | Note
-------+----------+-------------------------------------------
     0 | D:1      | Firecrotchwizard the Minotaur Gladiator began the quest for
                  | the Orb.
     0 | D:1      | Reached XP level 1. HP: 18/18 MP: 0/0
    99 | D:1      | You fall through a shaft!
   107 | D:2      | Reached skill level 4 in Long Blades
   107 | D:2      | Reached XP level 2. HP: 24/25 MP: 1/1
   295 | D:2      | Reached skill level 3 in Fighting
   295 | D:2      | Reached XP level 3. HP: 16/31 MP: 2/2
   305 | D:2      | HP: 2/31 [gnoll/+0 spear (7)]
   305 | D:2      | Slain by a gnoll

Vault maps used:
D:1:      minmay_arrival_widening_spiral_wide
D:2:      grunt_temple_overflow_open

Skill      XL: |  1  2 |
---------------+-------+-----
Long Blades    | 4 |  4.6
Fighting       | 3 |  3.1
Throwing       | |  2.0
Dodging        | |  3.7

Action                   || total
-------------------------++-------
Melee: Long sword        ||    14
       Headbutt          ||     3
Armor: Leather armour    ||     4
Dodge: Dodged            ||    21
       Rpst.: Long sword ||     6

Table legend:
 A = Non-vault XP
 B = Vault XP
 C = Vault XP percentage of total XP
 D = Non-vault monster count
 E = Vault monster count
 F = Vault count percentage of total count
                 A         B        C        D         E       F
            +---------+---------+-------+---------+---------+-------
      Total |      60 |       0 |   0.0 |       9 |       0 |   0.0
            +---------+---------+-------+---------+---------+-------
        D:1 |       6 |       0 |   0.0 |       3 |       0 |   0.0
        D:2 |      54 |       0 |   0.0 |       6 |       0 |   0.0
            +---------+---------+-------+---------+---------+-------

Vault maps used:
D:1:      minmay_arrival_widening_spiral_wide
D:2:      grunt_temple_overflow_open

Table legend:
 A = Turns spent in this place as a percentage of turns spent in the entire game.
 B = Non-inter-level travel turns spent in this place as a percentage of non-inter-level travel turns spent in the entire game.
 C = Inter-level travel turns spent in this place as a percentage of turns spent in this place.
 D = Turns resting spent in this place as a percentage of non-inter-level travel turns spent in this place.
 E = Turns spent auto-exploring this place as a percentage of non-inter-level travel turns spent in this place.
 F = Non-inter-level travel turns spent in this place divided by the number of levels of this place that you've seen.
                   A       B       C       D       E      F
               +-------+-------+-------+-------+-------+----------------------
         Total | 100.0 | 100.0 |   0.0 |  36.4 |  44.9 | 152.5
       Dungeon | 100.0 | 100.0 |   0.0 |  36.4 |  44.9 | 152.5
               +-------+-------+-------+-------+-------+----------------------

Table legend:
 A = Kills in this place as a percentage of kills in entire the game.
 B = Kills by you in this place as a percentage of kills by you in the entire game.
 C = Kills by friends in this place as a percentage of kills by friends in the entire game.
 D = Other kills in this place as a percentage of other kills in the entire game.
 E = Experience gained in this place as a percentage of experience gained in the entire game.
 F = Experience gained in this place divided by the number of levels of this place that you have seen.
                   A       B       C       D       E      F
               +-------+-------+-------+-------+-------+----------------------
         Total | 100.0 | 100.0 |   N/A |   N/A | 100.0 |  30.0
       Dungeon | 100.0 | 100.0 |   N/A |   N/A | 100.0 |  30.0
               +-------+-------+-------+-------+-------+----------------------
